AoeStats
← [GDL] Blink182

Arena

505586543Analyzed
4v4 RM · 23d ago on Sep 10, 2026· 44m 19s· 8 players
Game mode
Random Map
Map size
Large (8 player)
Population
200
Speed
Normal
Resources
Standard
Victory
Conquest
Starting age
Dark Age
Ending age
Imperial Age
RankedLock teamsTeams togetherTeam positionsShared explorationLock speedFull tech treeHidden civsTurbo modeCheats
Victory
Defeat
🇲🇽 Hindustanis · Mexico
1274
+15
🇲🇽 Mongols · Mexico
1268
+15
🇲🇽 Bohemians · Mexico
1237
+16
🇲🇽 Gurjaras · Mexico
1232
+17
🇻🇳 Teutons · Vietnam
1274
-17
🇲🇽 Spanish · Mexico
1269
-16
🇲🇽 Bengalis · Mexico
1245
-16
🇲🇽 Bohemians · Mexico
1202
-14
Josua_Deere
10:24 Feudal Age
14:24 Castle Age
13:29 Double-Bit Axe
14:47 Wheelbarrow
14:19 Horse Collar
18:35 Loom
24:31 Heavy Plow
24:41 Fletching
25:31 Town Watch
26:09 Gold Mining
32:06 Imperial Age
32:20 Forging
32:16 Scale Barding Armor
32:07 Bodkin Arrow
32:12 Padded Archer Armor
32:26 Bloodlines
33:15 Conscription
34:12 Bow Saw
34:48 Iron Casting
34:18 Husbandry
35:23 Elite Battle Elephant
37:20 Blast Furnace
36:41 Chain Barding Armor
36:41 Paiks
39:23 Crop Rotation
41:38 Mahayana
41:00 Light Cavalry
43:11 Plate Barding Armor
42:38 Bracer
42:26 Light Cavalry
[GDL] Blink182
10:36 Feudal Age
14:31 Castle Age
12:49 Double-Bit Axe
13:47 Horse Collar
22:50 Wheelbarrow
23:07 Heavy Plow
24:20 Hand Cart
26:30 Bow Saw
26:51 Town Watch
26:52 Loom
28:11 Gold Mining
28:14 Stone Mining
31:57 Imperial Age
30:38 Stone Shaft Mining
30:05 Scale Mail Armor
30:15 Forging
30:29 Pikeman
31:09 Squires
30:55 Arson
31:29 Chain Mail Armor
31:05 Fletching
31:24 Scale Barding Armor
32:41 Iron Casting
32:09 Halberdier
33:12 Conscription
33:25 Plate Mail Armor
33:12 Gambesons
34:31 Two-Man Saw
34:28 Husbandry
33:51 Cavalier
35:09 Bloodlines
36:04 Blast Furnace
35:24 Chain Barding Armor
36:10 Paladin
41:31 Plate Barding Armor
43:22 Bodkin Arrow
Vàng Ai Nấy Đào
10:08 Feudal Age
14:49 Castle Age
12:59 Double-Bit Axe
13:27 Horse Collar
15:52 Bow Saw
15:53 Heavy Plow
16:20 Loom
20:32 Wheelbarrow
20:20 Heavy Plow
21:22 Town Watch
27:18 Fletching
28:38 Gold Mining
30:18 Hand Cart
34:17 Imperial Age
31:49 Scale Mail Armor
31:46 Pikeman
32:37 Forging
32:41 Masonry
32:39 Squires
33:16 Chain Mail Armor
32:48 Arson
34:20 Fortified Wall
34:20 Halberdier
34:23 Onager
35:34 Plate Mail Armor
35:45 Siege Onager
37:54 Conscription
39:20 Iron Casting
39:13 Siege Engineers
DSLG bolbie
11:03 Feudal Age
10:17 Loom
15:48 Castle Age
15:42 Double-Bit Axe
20:18 Fervor
21:32 Redemption
21:52 Bow Saw
22:03 Fletching
27:34 Wheelbarrow
28:19 Wagenburg Tactics
36:48 Imperial Age
37:59 Chemistry
37:20 Ballistics
37:12 Fortified Wall
42:57 Imperial Age
40:42 Hand Cart
[GDL] Gomi
2:15 Loom
10:26 Feudal Age
12:36 Loom
15:19 Castle Age
14:09 Stone Mining
20:25 Double-Bit Axe
21:11 Fletching
21:24 Gold Mining
24:12 Bodkin Arrow
30:13 Imperial Age
28:51 Bow Saw
30:21 Wheelbarrow
29:32 Town Watch
30:39 Padded Archer Armor
33:28 Bracer
35:44 Ballistics
37:26 Leather Archer Armor
38:35 Chemistry
42:28 Conscription
42:43 Horse Collar
43:52 Drill
43:52 Elite Mangudai
[GDL] Samuellh
11:26 Feudal Age
15:12 Castle Age
13:44 Double-Bit Axe
15:32 Horse Collar
17:06 Fervor
18:05 Wheelbarrow
17:17 Loom
21:21 Hand Cart
23:53 Bow Saw
23:50 Heavy Plow
25:13 Loom
25:13 Town Watch
29:25 Imperial Age
29:41 Chemistry
28:22 Treadmill Crane
28:07 Pikeman
28:48 Squires
29:53 Scale Mail Armor
30:04 Forging
29:59 Halberdier
31:34 Conscription
32:35 Two-Man Saw
33:32 Padded Archer Armor
36:47 Siege Engineers
[GDL] Lissom
11:42 Feudal Age
12:46 Double-Bit Axe
12:46 Horse Collar
15:41 Castle Age
20:41 Bow Saw
22:17 Wheelbarrow
23:22 Loom
23:53 Hand Cart
23:45 Heavy Plow
24:23 Gold Mining
24:24 Town Watch
25:19 Grand Trunk Road
26:23 Gold Shaft Mining
26:39 Forging
29:08 Imperial Age
28:17 Iron Casting
27:48 Scale Barding Armor
28:23 Husbandry
28:33 Bloodlines
29:46 Chain Barding Armor
29:18 Heavy Camel Rider
30:20 Conscription
31:03 Blast Furnace
32:22 Chemistry
30:59 Imperial Camel Rider
33:07 Plate Barding Armor
32:58 Light Cavalry
34:01 Hussar
35:13 Siege Engineers
36:15 Padded Archer Armor
37:59 Leather Archer Armor
42:22 Ring Archer Armor
[GDL]Cemento
5:35 Loom
10:57 Feudal Age
15:43 Castle Age
15:16 Double-Bit Axe
20:26 Horse Collar
22:18 Husbandry
23:08 Bloodlines
23:39 Bow Saw
25:02 Forging
28:57 Iron Casting
28:28 Scale Barding Armor
30:36 Loom
33:52 Town Watch
35:51 Chain Barding Armor
39:12 Imperial Age
38:15 Scale Mail Armor
39:23 Chain Mail Armor
39:58 Wheelbarrow
40:25 Conscription
39:59 Elite Chakram Thrower
42:12 Fletching
44:09 Arson
Connection lost

Rejoining the realm…

Still unreachable

The connection could not be restored.

Session expired

The server has moved on; the page needs a fresh start.